 Dungeon Crawl Stone Soup version 0.31-a0-1589-g8f5e8aebd6 (console) character file.

Game seed: 11474193569707776586

872 petzl the Sneak (level 8, 0/58 HPs)
             Began as a Formicid Delver on Jan 5, 2024.
             Was an Initiate of Vehumet.
             Slain by a centaur (1 damage)
             ... on level 9 of the Dungeon on Jan 6, 2024.
             The game lasted 00:19:53 (5054 turns).

petzl the Sneak (Formicid Delver)                   Turns: 5054, Time: 00:19:55

Health: 0/58       AC:  4    Str: 17    XL:     8   Next: 24%
Magic:  15/15      EV: 13    Int: 12    God:    Vehumet [......]
Gold:   207        SH:  0    Dex: 15    Spells: 8/16 levels left

rFire   + . .        a - +2 spear (flame) {!f =f}
rCold   . . .        (no shield)
rNeg    . . .        o - +0 leather armour
rPois   .            (helmet unavailable)
rElec   .            x - +0 cloak
rCorr   .            (no gloves)
SInv    +            (no boots)
Will    +....        h - amulet of regeneration
Stlth   +++          z - ring of protection from fire
HPRegen 1.09/turn    B - ring of willpower
MPRegen 0.14/turn

%: no passive effects
@: no status effects
A: permanent stasis, dig shafts and tunnels, antennae 3, four strong arms
a: Dig, Shaft Self, Renounce Religion


You were on level 9 of the Dungeon.
You worshipped Vehumet.
Vehumet was noncommittal.
You visited 2 branches of the dungeon, and saw 8 of its levels.

You collected 207 gold pieces.

Inventory:

Hand Weapons
 a - a +2 spear of flaming (weapon) {!f =f}
 b - a +0 sling
 y - a +1 heavy sling
Missiles
 g - 3 boomerangs
 j - 13 poisoned darts (quivered)
Armour
 k - a +0 ring mail
 o - a +0 leather armour (worn)
 p - an orb of guile
 x - a +0 cloak (worn)
 D - a +0 ring mail of fire resistance
Jewellery
 h - an amulet of regeneration (around neck)
 z - a ring of protection from fire (left hand)
 A - a ring of protection from cold
 B - a ring of willpower (right hand)
Wands
 f - a wand of digging (3)
Scrolls
 c - 2 scrolls of fog
 d - 5 scrolls of revelation
 e - a scroll of immolation
 l - a scroll of identify
 t - 2 scrolls of vulnerability
Potions
 n - a potion of haste {unknown}
 q - 2 potions of heal wounds {unknown}
 r - 2 potions of ambrosia
 s - a potion of attraction {unknown}
 u - 2 potions of brilliance
 v - 2 potions of resistance {unknown}
 w - a potion of lignification {unknown}


   Skills:
 - Level 3.2 Fighting
 - Level 2.0 Maces & Flails
 + Level 3.8 Ranged Weapons
 + Level 4.2 Armour
 + Level 4.0 Dodging
 - Level 6.0 Stealth
 + Level 4.9 Spellcasting
 * Level 0.2 Conjurations
 * Level 0.3 Fire Magic
 * Level 0.5 Alchemy


You had 8 spell levels left.
You knew the following spells:

 Your Spells              Type           Power      Damage    Failure   Level
a - Sticky Flame          Fire/Alch      3%         2d4       90%         4
b - Flame Wave            Conj/Fire      3%         2d5       91%         4

Your spell library contained the following spells:

 Spells                   Type           Power      Damage    Failure   Level
 Magic Dart               Conj           12%        1d3       22%         1
 Summon Small Mammal      Summ           8%         N/A       24%         1
 Call Imp                 Summ           4%         N/A       36%         2
 Sublimation of Blood     Necr           2%         N/A       36%         2
 Dazzling Flash           Conj/Hex       6%         N/A       56%         3
 Inner Flame              Hex/Fire       3%         N/A       56%         3
 Volatile Blastmotes      Fire/Tloc      6%         2d10      56%         3
 Call Canine Familiar     Summ           2%         N/A       58%         3
 Summon Blazeheart Golem  Fire/Summ      3%         N/A       92%         4
 Anguish                  Hex/Necr       1%         N/A       94%         4
 Cause Fear               Hex            1%         N/A       94%         4
 Starburst                Conj/Fire      1%         6d3       100%        6
 Enfeeble                 Hex            1%         N/A       100%        7
 Summon Hydra             Summ           1%         N/A       100%        7
 Maxwell's Capacitive Co  Air            1%         ∞         100%        8
 Blink                    Tloc           Unusable   N/A       N/A         2

Dungeon Overview and Level Annotations

Branches:
Dungeon (6/15)             Temple (1/1) D:4

Altars:
Ashenzari
Cheibriados
Dithmenos
Elyvilon
Fedhas
Gozag
Hepliaklqana
Kikubaaqudgha
Makhleb
Nemelex Xobeh
Okawaru
Qazlal
Ru
Sif Muna
Trog
Uskayaw
Vehumet
Wu Jian
Xom
Yredelemnul
Zin
The Shining One

Shops:
D:3 =

Annotations:
D:2 Blork the orc
D:3 1 runed translucent door, exclusion: downstairs, Pikel; pigah's ghost, weakling OpSh
D:4 Menkaure
D:6 Maggie


Innate Abilities, Weirdness & Mutations

You cannot be hasted, slowed, berserked, paralysed or teleported.
You can dig through walls and to a lower floor.
You have a pair of large antennae on your head. (SInv)
Your four strong arms can wield two-handed weapons with a shield.


Message History

You start resting.
HP restored.
You sense a monster nearby.
A centaur comes into view.
Found a golden ring.
The centaur shouts!
You hear a shout!
The centaur wields a +2 orcbow of freezing.
It is covered in frost.
The centaur shoots an arrow.
The arrow hits you! The arrow freezes you.
You hear an angry hiss.
Your +2 spear of flaming {!f =f} bursts into flame!
a - a +2 spear of flaming (weapon)
{!f =f} The centaur shoots an arrow.
The arrow hits you. The arrow freezes you.
A water moccasin comes into view.
The centaur shoots an arrow.
The arrow hits you! The arrow freezes you.
The centaur shoots an arrow.
The arrow hits you!
* * * LOW HITPOINT WARNING * * *
The arrow freezes you.
* * * LOW HITPOINT WARNING * * *
The centaur shoots an arrow.
The arrow barely misses you.
The centaur unwields a +2 orcbow of freezing.
The centaur barely misses you.
The centaur kicks you but does no damage.
An orc wizard comes into view. It is wielding a +0 dagger.
You see here a ring of magical power.
Welcome back, petzl the Formicid Delver.
Vehumet says: Let it end in hellfire!
Press ? for a list of commands and other information.
Okay, then.
Okay, then.
Okay, then.
Are you sure you want to shaft yourself?
The centaur hits you but does no damage.
The centaur closely misses you. x2
The centaur kicks you but does no damage.
You begin to dig a shaft.
You continue digging a shaft.
The centaur hits you.
* * * LOW HITPOINT WARNING * * *
The centaur kicks you.
You die...

...... #.# ##
.....{ #.# .. ...{{
#.# .#..{### #.#
....... #.# #....#
#.# #....#
#########.####.)..#
#.......).........#
#.........#......##
#.........#......#
#.........#....{.#
#.........####+#.#
#..............#.#
##########.#####.#
# #.# .....
###.#####..#
#.....@cSo.#
#.#.######....
#.#.. # # ###


You could see a water moccasin, a centaur and an orc wizard.

Vanquished Creatures
  An ogre (D:4)
  2 phantoms
  3 lemures (D:4)
  2 scorpions (D:5)
  A bombardier beetle (D:4)
  4 orc priests
  A hound (D:5)
  A jelly (D:4)
  Jessica (D:2)
  2 iguanas
  2 orc wizards (D:5)
  4 gnolls (D:2)
  4 adders
  A white imp (D:6)
  2 ufetubi (D:3)
  4 ribbon worms (D:2)
  7 orcs
  5 ball pythons
  3 bats
  6 endoplasms
  3 giant cockroaches
  8 goblins
  7 hobgoblins
  6 jackals
  3 quokkas
  A frilled lizard (D:1)
  9 kobolds
  2 rats
95 creatures vanquished.

Vanquished Creatures (others)
  An orc wizard (D:5)
1 creature vanquished.

Grand Total: 96 creatures vanquished

Notes
Turn   | Place    | Note
-------+----------+-------------------------------------------
     0 | D:5      | petzl the Formicid Delver began the quest for the Orb.
     0 | D:5      | Reached XP level 1. HP: 18/18 MP: 1/1
    18 | D:6      | Noticed a sleepcap
    23 | D:5      | Noticed an orc wizard
   110 | D:5      | Noticed a scorpion
   127 | D:4      | Noticed Blork the orc
   177 | D:3      | Found Extiab's One-of-a-Kind Rings.
   182 | D:3      | Reached skill level 1 in Spellcasting
   223 | D:3      | Reached XP level 2. HP: 23/24 MP: 4/4
   354 | D:3      | Reached XP level 3. HP: 25/29 MP: 6/6
   499 | D:3      | Noticed pigah's ghost (weakling OpSh)
   503 | D:3      | Found a runed translucent door.
   828 | D:2      | Reached XP level 4. HP: 23/35 MP: 8/8
   865 | D:2      | Reached skill level 1 in Armour
   897 | D:2      | Noticed Jessica
   912 | D:2      | Killed Jessica
   913 | D:2      | Reached skill level 1 in Ranged Weapons
   913 | D:2      | Reached XP level 5. HP: 41/41 MP: 9/9
  1626 | D:1      | Found a faded altar of an unknown god.
  2946 | D:2      | You fall into a shaft and drop 1 floor!
  3077 | D:4      | Reached XP level 6. HP: 32/47 MP: 11/11
  3200 | D:4      | Noticed Menkaure
  3221 | D:4      | Noticed an ogre
  3339 | D:4      | Found a burning altar of Makhleb.
  3351 | D:4      | Noticed Pikel
  3391 | D:4      | Reached XP level 7. HP: 51/52 MP: 11/13
  3436 | D:4      | Found a hazy altar of Hepliaklqana.
  3439 | D:4      | Found a blossoming altar of Fedhas.
  3439 | D:4      | Found a shadowy altar of Dithmenos.
  3440 | D:4      | Found a bloodstained altar of Trog.
  3457 | D:4      | Found a broken altar of Ashenzari.
  3457 | D:4      | Found an ornate altar of the Wu Jian Council.
  3506 | D:4      | Found an ancient bone altar of Kikubaaqudgha.
  3631 | D:3      | You fall into a shaft and drop 1 floor!
  3788 | D:4      | Found a staircase to the Ecumenical Temple.
  3804 | Temple   | Entered the Ecumenical Temple
  3815 | Temple   | Became a worshipper of Vehumet
  4342 | D:5      | Reached XP level 8. HP: 58/58 MP: 15/15
  4871 | D:6      | Noticed Maggie
  4914 | D:6      | Learned a level 4 spell: Sticky Flame
  4919 | D:6      | Learned a level 4 spell: Flame Wave
  4949 | D:6      | You fall into a shaft and drop 3 floors!
  5054 | D:9      | HP: 1/58 [centaur (6)]
  5054 | D:9      | Slain by a centaur

Illustrated notes

Levels and vault maps discovered:
D:1:      lemuel_arrival_behind_the_door_large, layout_loops_corners,
          shapermc_ecumenical_altar_totnotflames, chequers_avenue
D:2:      layout_loops_ring, uniq_jessica
D:3:      layout_loops_cross, hellmonk_ghost_happy_afterlife,
          minmay_misc_feat_x, nicolae_kite_square_tiling_tiny,
          nicolae_shop_unique_rings, minmay_misc_feat_tower
D:4:      layout_rooms, mainiacjoe_overflow_small_starburst,
          grunt_temple_overflow_open, minmay_temple_entry_mist,
          uniq_blork_the_orc, uniq_pikel, uniq_menkaure
D:5:      layout_loops_ring
D:6:      layout_gridville, uniq_maggie
D:9:      layout_basic, biasface_ghost_orc_armoury, disabler_island
Temple:   compressed_dpeg_circular_temple

Skill      XL: |  1  2  3  4  5  6  7  8 |
---------------+-------------------------+-----
Spellcasting   | 1 2 3 4 |  4.9
Dodging        | 2 3 4 |  4.0
Armour         | 1 2 3 4 |  4.2
Ranged Weapons | 1 2 3 |  3.8
Fighting       | |  3.2
Maces & Flails | |  2.0
Stealth        | |  6.0
Conjurations   | |  0.2
Fire Magic     | |  0.3
Alchemy        | |  0.5

Action                     |  1- 3 |  4- 6 |  7- 9 || total
---------------------------+-------+-------+-------++-------
  Melee: Mace              |    46 |       |       ||    46
         Spear             |     8 |   185 |   133 ||   326
         Punch             |       |     1 |     3 ||     4
   Fire: Sling             |    26 |    30 |    40 ||    96
  Throw: Dart              |       |       |    13 ||    13
Ability: Shaft Self        |       |     1 |     3 ||     4
    Use: Scroll            |     1 |       |     3 ||     4
         Potion            |       |       |     6 ||     6
   Stab: Sleeping          |     2 |    14 |       ||    16
         Distracted        |       |     1 |       ||     1
 Armour: Leather armour    |    66 |    92 |   100 ||   258
  Dodge: Dodged            |    59 |   107 |    93 ||   259

Table legend: (Time is in decaauts)
 A = Elapsed time spent in this place.
 B = Non-inter-level travel time spent in this place.
 C = Inter-level travel time spent in this place.
 D = Time resting spent in this place.
 E = Time spent auto-exploring this place.
 F = Levels seen in this place.
 G = Mean time per level.
                   A        B        C        D        E       F      G
               +--------+--------+--------+--------+--------+-----+--------+
         Total |   5114 |   4705 |    409 |    190 |   2835 |   8 |  639.2 |
       Dungeon |   5091 |   4703 |    388 |    190 |   2835 |   7 |  727.3 |
        Temple |     22 |      1 |     21 |      0 |      0 |   1 |   22.0 |
               +--------+--------+--------+--------+--------+-----+--------+

Top non-repeatable levels by time:
     D:3: 1073 daAuts
     D:4: 1050 daAuts
     D:1: 1050 daAuts
     D:2: 832 daAuts
     D:5: 802 daAuts
     D:6: 177 daAuts
     D:9: 104 daAuts
  Temple: 22 daAuts
